 Dungeon Crawl Stone Soup version 0.28.0-43-g3370ac3207 (webtiles) character file.

Game seed: 12019377095033054610

2669 sizableburger the Fighter (level 9, -4/74 HPs)
             Began as a Mummy Abyssal Knight on Mar 11, 2022.
             Was a Priest of Lugonu.
             Slain by an ogre
             ... wielding a +0 giant spiked club
              (28 damage)
             ... on level 6 of the Dungeon.
             The game lasted 00:12:41 (6804 turns).

sizableburger the Fighter (Mummy Abyssal Knight)    Turns: 6804, Time: 00:12:41

Health: -4/74      AC:  9    Str: 28    XL:     9   Next: 37%
Magic:  9/12       EV: 10    Int: 11    God:    Lugonu [***...]
Gold:   194        SH:  0    Dex: 13    Spells: 8/8 levels left

rFire   x . .      SeeInvis .   h - +9 war axe "Ydghe Diu" {vorpal, Str+4}
rCold   + + .      Faith    .   (no shield)
rNeg    + + +      Spirit   .   l - +1 scale mail {rC+}
rPois   ∞          Reflect  .   (no helmet)
rElec   .          Harm     .   b - +0 cloak
rCorr   .          Rampage  .   (no gloves)
Will    +....                   o - +0 pair of boots
Stlth   ..........              (no amulet)
HPRegen 0.22/turn               e - +6 ring of strength
MPRegen 0.13/turn               (no ring)

@: no status effects
A: cold resistance 1, negative energy resistance 3, torment resistance 2, heat
vulnerability 1, no potions
a: Renounce Religion, Depart the Abyss, Bend Space, Banish


You were on level 6 of the Dungeon.
You worshipped Lugonu.
Lugonu was most pleased with you.
You visited 1 branch of the dungeon, and saw 11 of its levels.
You visited the Abyss 1 time.

You collected 243 gold pieces.
You spent 49 gold pieces at shops.

Inventory:

Hand Weapons
 a - a +2 vorpal spear
 h - the +9 war axe "Ydghe Diu" (weapon) {vorpal, Str+4}
   (You found it on level 3 of the Dungeon)

   It inflicts extra damage upon your enemies.
   Str:       It affects your strength (+4).
Missiles
 k - 2 datura-tipped darts
Armour
 b - a +0 cloak (worn)
 l - a +1 scale mail of cold resistance (worn)
 o - a +0 pair of boots (worn)
Jewellery
 c - a ring of ice
 e - a +6 ring of strength (left hand)
 j - a ring of ice
 m - an amulet of faith
Wands
 d - a wand of flame (41)
 f - a wand of polymorph (18)
Scrolls
 g - a scroll of magic mapping
 n - a scroll of fog


   Skills:
 - Level 8.0 Fighting
 + Level 7.0(7.5) Axes
 - Level 4.0(6.0) Polearms
 - Level 1.5 Armour
 - Level 0.7 Dodging
 + Level 4.2 Invocations


You had 8 spell levels left.
You didn't know any spells.
Your spell library contained the following spells:

 Spells                   Type           Power      Damage    Failure   Level
 Animate Skeleton         Necr           0%         N/A       61%         1
 Apportation              Tloc           0%         N/A       61%         1
 Foxfire                  Conj/Fire      0%         2x1d4     61%         1
 Summon Small Mammal      Summ           0%         N/A       61%         1
 Conjure Flame            Conj/Fire      0%         6-21      93%         3
 Inner Flame              Hex/Fire       0%         N/A       93%         3
 Flame Wave               Conj/Fire      0%         2d4       100%        4


Dungeon Overview and Level Annotations

Branches:
Dungeon (11/15)            Temple (0/1) D:4
   Lair: D:8-11         Orc: D:9-12

Altars:
Dithmenos
Hepliaklqana
Uskayaw
Yredelemnul
Zin

Shops:
D:3 [   D:6 :   D:8 [

Annotations:
D:3 1 runed translucent door, Crazy Yiuf
D:4 1 runed translucent door


Innate Abilities, Weirdness & Mutations

You are immune to poison.
Your flesh is cold resistant. (rC+)
You are immune to negative energy. (rN+++)
You are immune to unholy pain and torment.
You are vulnerable to heat. (rF-)
You do not drink.


Message History

Okay, then.
As you read the scroll labelled JAQOLU MOIK, it crumbles to dust.
It is a scroll of enchant weapon.
Your +1 vorpal spear glows red for a moment.
The orc warrior hits you but does no damage.
You hit the orc warrior but do no damage.
The orc warrior hits you with a +2 vorpal battleaxe.
The orc warrior hits you with a +2 vorpal battleaxe!
You hear a shout!
You slash the orc warrior!
The orc warrior is severely wounded.
An ogre comes into view. It is wielding a +0 giant spiked club.
The orc warrior hits you with a +2 vorpal battleaxe!
Okay, then.
Press: ? - help, Shift-Dir - straight line, f - orc warrior
Aim: an orc warrior, wielding a +2 vorpal battleaxe, wearing a +0 plate armour and quivering boomerangs (severely wounded, chance to affect: 81%)
You fail to use your ability.
The orc warrior hits you with a +2 vorpal battleaxe!
* * * LOW HITPOINT WARNING * * *
Unknown command.
Press: ? - help, Shift-Dir - straight line, f/p - orc warrior
Aim: an orc warrior, wielding a +2 vorpal battleaxe, wearing a +0 plate armour and quivering boomerangs (severely wounded, chance to affect: 81%)
You fail to use your ability.
The orc warrior hits you but does no damage.
Unknown command.
Press: ? - help, Shift-Dir - straight line, f/p - orc warrior
Aim: an orc warrior, wielding a +2 vorpal battleaxe, wearing a +0 plate armour and quivering boomerangs (severely wounded, chance to affect: 81%)
You fail to use your ability.
The orc warrior closely misses you.
Unknown command.
Press: ? - help, Shift-Dir - straight line, f/p - orc warrior
Aim: an orc warrior, wielding a +2 vorpal battleaxe, wearing a +0 plate armour and quivering boomerangs (severely wounded, chance to affect: 81%)
The orc warrior is devoured by a tear in reality.
Lugonu claims a new guest.
Your Axes skill increases to level 7!
Unknown command.
Press: ? - help, Shift-Dir - straight line, f - ogre
Aim: an ogre, wielding a +0 giant spiked club (chance to affect: 81%)
You fail to use your ability.
The ogre hits you with a +0 giant spiked club!!
You die...

#.##.###[#
##.##.....#
#........# ...
##...## ####.#####
... ##... #...#
#.# #.### #...#
##.## #.# #...#
#...# #+#
###.####### #...#
#........# #...###
#.###.###.#
#@##.## #.#
##.##.####O#...###
+..
#................
##
#.##.####.#...###
#..##.##.......#
.......##.#.###.#
####.#####.#...#.#
#.# #.###.# # #.#
#.# #§#


You could see an ogre.

Vanquished Creatures
  The ghost of croobank the Cudgeller, an amateur TrCA of Ignis (D:4)
  A hornet (D:9)
  Prince Ribbit (D:6)
  A wraith (D:9)
  Menkaure (D:4)
  A neqoxec (D:6)
  A water moccasin (D:6)
  A sky beast (D:5)
  A necrophage (D:8)
  A centaur (D:4)
  A phantom (D:5)
  6 scorpions
  A water moccasin skeleton (D:3)
  5 killer bees (D:7)
  2 hounds (D:6)
  An orc priest (D:7)
  2 bullfrog skeletons
  A jelly (D:4)
  2 centaur skeletons
  Jessica (D:3)
  2 orc wizards (D:7)
  Terence (D:3)
  9 adders
  An ufetubus (D:5)
  A worm (D:4)
  4 dart slugs
  10 orcs
  6 ball pythons
  9 endoplasms
  5 giant cockroaches
  8 goblins
  7 hobgoblins
  4 kobolds
  5 quokkas
  5 bats
  4 frilled lizards
  A rat (D:1)
114 creatures vanquished.

Vanquished Creatures (others)
  A plant (D:8)
1 creature vanquished.

Grand Total: 115 creatures vanquished

Notes
Turn   | Place    | Note
-------+----------+-------------------------------------------
     0 | Abyss:1  | sizableburger the Mummy Abyssal Knight began the quest for
                  | the Orb.
     0 | Abyss:1  | Reached XP level 1. HP: 18/18 MP: 2/2
     5 | D:1      | Escaped the Abyss
   447 | D:1      | Reached XP level 2. HP: 22/24 MP: 3/3
   506 | D:1      | Found a faded altar of an unknown god.
  1015 | D:2      | Noticed an ogre
  1137 | D:2      | Reached ** piety under Lugonu
  1138 | D:2      | Reached XP level 3. HP: 29/29 MP: 4/4
  1679 | D:2      | Reached XP level 4. HP: 31/35 MP: 5/5
  2173 | D:3      | Noticed Terence
  2260 | D:4      | Noticed a centaur
  2260 | D:4      | Found a basalt altar of Yredelemnul.
  2421 | D:3      | Identified the +9 war axe "Ydghe Diu" {vorpal, Str+4}
  2455 | D:3      | Found Nujyofai's Antique Armour Boutique.
  2649 | D:3      | Noticed Jessica
  2660 | D:3      | Killed Jessica
  2661 | D:3      | Reached skill level 1 in Axes
  2661 | D:3      | Reached XP level 5. HP: 26/41 MP: 6/6
  2808 | D:3      | Found a runed translucent door.
  2809 | D:3      | Noticed Crazy Yiuf
  2853 | D:3      | Killed Terence
  3020 | D:3      | Reached skill level 4 in Fighting
  3105 | D:4      | Found a runed translucent door.
  3114 | D:4      | Killed a centaur
  3115 | D:4      | Reached XP level 6. HP: 35/49 MP: 7/7
  3204 | D:4      | Noticed croobank's ghost (amateur TrCA)
  3214 | D:4      | Noticed Blork the orc
  3217 | D:4      | Noticed Blork
  3217 | D:4      | Blork the orc changed into Blork the jelly
  3219 | D:4      | Killed Blork the jelly
  3274 | D:4      | Found a hide-covered altar of Uskayaw.
  3442 | D:4      | Found a staircase to the Ecumenical Temple.
  3725 | D:4      | Found a hazy altar of Hepliaklqana.
  3741 | D:4      | Noticed Menkaure
  3987 | D:4      | Killed Menkaure
  3988 | D:4      | Reached skill level 5 in Fighting
  3988 | D:4      | Reached XP level 7. HP: 56/56 MP: 8/8
  4020 | D:4      | Found a runed translucent door.
  4084 | D:4      | Killed croobank's ghost
  4306 | D:5      | Entered Level 5 of the Dungeon
  4441 | D:5      | Reached skill level 6 in Fighting
  4611 | D:5      | Reached *** piety under Lugonu
  4659 | D:5      | Reached XP level 8. HP: 65/65 MP: 9/9
  5014 | D:6      | Found Woyxur's Book Shoppe.
  5072 | D:6      | Found a shadowy altar of Dithmenos.
  5088 | D:6      | Noticed Grinder
  5090 | D:6      | Noticed Grinder
  5090 | D:6      | Grinder changed into Grinder the neqoxec
  5096 | D:6      | Killed Grinder the neqoxec
  5097 | D:6      | Reached skill level 7 in Fighting
  5097 | D:6      | Reached skill level 5 in Axes
  5379 | D:8      | Found Zoriep's Armour Shop.
  5641 | D:8      | Bought a +0 cloak for 49 gold pieces
  5652 | D:8      | Noticed a two-headed ogre
  5665 | D:8      | You fall into a shaft and drop 3 floors!
  5705 | D:10     | Entered Level 10 of the Dungeon
  5705 | D:10     | Noticed a two-headed ogre
  5726 | D:10     | Noticed a two-headed ogre
  5739 | D:10     | Noticed a rime drake
  5752 | D:9      | Noticed a hornet
  5758 | D:9      | Killed a hornet
  6217 | D:8      | Reached skill level 8 in Fighting
  6318 | D:7      | Reached XP level 9. HP: 73/74 MP: 10/10
  6506 | D:6      | Noticed Prince Ribbit
  6511 | D:6      | Killed Prince Ribbit
  6804 | D:6      | Slain by an ogre

Illustrated notes

Levels and vault maps discovered:
D:1:      scummos_arrival_star, layout_basic,
          shapermc_ecumenical_altar_notcrosses
D:2:      layout_basic, corexii_corridor_pit, minmay_misc_feat_pillars
D:3:      layout_rooms, serial_shops, nicolae_shop_waterfront, hex_tiny,
          uniq_terence, uniq_crazy_yiuf_cottage, uniq_jessica
D:4:      layout_rooms, mainiacjoe_overflow_two_lobes,
          nicolae_overflow_crystal_walls, lemuel_crystal_altar,
          minmay_temple_entry_arrows, ebering_ghost_sewer_f, uniq_blork_the_orc,
          uniq_menkaure
D:5:      layout_basic
D:6:      layout_loops_corners, grunt_dithmenos_smoke, serial_shops,
          shop_statue, uniq_grinder, uniq_prince_ribbit1, uniq_eustachio
D:7:      layout_rooms, serial_shops, kennysheep_mini_moat
D:8:      layout_rooms, nicolae_overflow_hidden_temple, dpeg_oklobed_lair,
          serial_shops, nicolae_shop_competitors_out_of_business,
          skrybe_limestone_x, chequers_serial_rivers_marsh, serial_park_tiny_2
D:9:      layout_rooms, kennysheep_okawaru_gauntlet, eino_jars, uniq_maurice,
          uniq_pikel
D:10:     layout_cave_pools, zombieorc2_lemuel, hellmonk_guarded_unrand_zhor
D:11:     layout_loops_cross, st_stairs_8, kennysheep_just_a_vault

Skill      XL: |  1  2  3  4  5  6  7  8  9 |
---------------+----------------------------+-----
Polearms       | 2 3 4 |  4.0
Axes           | 1 2 3 4 6 7 |  7.0
Fighting       | 4 5 6 8 |  8.0
Invocations    | 2 4 |  4.2
Armour         | |  1.5
Dodging        | |  0.7

Action                   |  1- 3 |  4- 6 |  7- 9 || total
-------------------------+-------+-------+-------++-------
Melee: Spear             |   111 |    47 |       ||   158
       War axe           |       |    46 |   102 ||   148
Invok: Bend Space        |       |     5 |       ||     5
       Banish            |       |       |     1 ||     1
Evoke: Wand              |       |     8 |     4 ||    12
  Use: Scroll            |       |     6 |     7 ||    13
 Stab: Sleeping          |     3 |     2 |       ||     5
Armor: Leather armour    |    24 |    11 |       ||    35
       Scale mail        |       |     8 |    38 ||    46
Dodge: Dodged            |    40 |    37 |    55 ||   132
